Description

Goal is to attack at 3min with 8 lings and 4 banes. Lings rush the natural or main (depending) while banes wait for enemy lings. Need to extreme economical damage to be successful. You can hatch after this or go in for the kill. Be careful of the counter attack. Defense spine if needed depending on how attack goes

Replay - ZvZ example

Build Order

Get SALT Encoding   

  12  0:01  Drone  
  13  0:12  Overlord  
  13  0:18  Drone  
  14  0:23  Extractor  
  13  0:36  Spawning Pool  
  13  0:41  Drone x5  
  17  1:13  Overlord  
  17  1:25  Metabolic Boost  
  17  1:32  Zergling x4  
  19  1:44  Queen  
  21  1:50  Baneling Nest  
  21  1:51  Zergling x10  
  25  2:34  Baneling x4  
  25  2:39  Zergling x2  
  25  3:12  Zergling x4  
  27  3:53  Baneling  
  22  4:04  Hatchery  
  20  4:21  Spine Crawler  
  20  4:24  Baneling  
  25  4:52  Baneling x3  
  30  5:42  Hatchery  
  29  5:54  Overlord  
Spawning Tool Build Advisor. Get it on Overwolf

Go to:

Details

  • Created by: crisperrgk
  • Published on: Sep 29, 2017
  • Modified on: Sep 30, 2017
  • Patch: 3.8.0
Show
View Real Time Build Order
Export as new Build Order

Comments (0)

There are no comments. Be the first!

Create an account to comment!